 Dungeon Crawl Stone Soup version 0.29.0-10-g45618ea6d2 (webtiles) character file.

Game seed: 17173626734028175398

1696 SensoryNuts the Slasher (level 8, -10/62 HPs)
             Began as a Demonspawn Fighter on Sept 2, 2022.
             Mangled by Edmund
             ... wielding a +4 flail of holy wrath
              (12 damage)
             ... on level 6 of the Dungeon.
             The game lasted 00:08:23 (6095 turns).

SensoryNuts the Slasher (Demonspawn Fighter)        Turns: 6095, Time: 00:08:24

Health: -10/62     AC: 15    Str: 16    XL:     8   Next: 72%
Magic:  8/8        EV:  8    Int: 10    God:
Gold:   174        SH:  5    Dex: 15    Spells: 7/7 levels left

rFire   . . .      SeeInvis .   w - +1 scimitar (flame)
rCold   . . .      Faith    .   c - +0 buckler
rNeg    . . .      Spirit   .   m - +2 plate armour
rPois   .          Reflect  .   (helmet restricted)
rElec   .          Harm     .   g - +0 cloak
rCorr   .          Rampage  .   (no gloves)
Will    .....                   (no boots)
Stlth   ..........              (no amulet)
HPRegen 0.20/turn               (no ring)
MPRegen 0.11/turn               (no ring)

@: mighty
A: horns 1, repulsion field 2, powered by pain 2
a: no special abilities


You were on level 6 of the Dungeon.
You visited 2 branches of the dungeon, and saw 7 of its levels.
You also visited: Ossuary.

You collected 174 gold pieces.

Inventory:

Hand Weapons
 w - a +1 scimitar of flaming (weapon)
Missiles
 u - 2 throwing nets (quivered)
Armour
 c - a +0 buckler (worn)
 g - a +0 cloak (worn)
 m - a +2 plate armour (worn)
Jewellery
 h - a ring of wizardry
 k - a ring of protection from cold
Scrolls
 j - 2 scrolls of butterflies
 n - a scroll of fear
 p - a scroll of torment {unknown}
 r - 3 scrolls of teleportation
 s - 3 scrolls of identify
Potions
 b - 2 potions of attraction
 d - a potion of might
 e - 2 potions of resistance
 f - a potion of haste {unknown}
 i - 3 potions of magic
 l - 2 potions of curing
 o - 2 potions of flight
 q - a potion of degeneration {unknown}
 t - 2 potions of lignification {unknown}
 v - a potion of cancellation {unknown}


   Skills:
 + Level 5.1 Fighting
 + Level 7.6 Long Blades
 + Level 5.4 Armour
 + Level 1.3 Dodging
 + Level 0.5 Stealth
 + Level 4.0 Shields


You had 7 spell levels left.
You didn't know any spells.
Your spell library contained the following spells:

 Spells                   Type           Power      Damage    Failure   Level
 Apportation              Tloc           0%         N/A       100%        1
 Shock                    Conj/Air       0%         1d3       100%        1
 Dazzling Flash           Conj/Hex       0%         N/A       100%        3
 Gell's Gravitas          Tloc           0%         N/A       100%        3
 Lesser Beckoning         Tloc           0%         N/A       100%        3
 Ozocubu's Armour         Ice            0%         N/A       100%        3
 Swiftness                Air            0%         N/A       100%        3
 Teleport Other           Tloc           0%         N/A       100%        3
 Airstrike                Air            0%         2d(0-16)  100%        4
 Iskenderun's Mystic Bla  Conj/Tloc      0%         2d3       100%        4
 Alistair's Intoxication  Tmut/Pois      0%         N/A       100%        5
 Metabolic Englaciation   Hex/Ice        0%         N/A       100%        5
 Simulacrum               Ice/Necr       0%         N/A       100%        6
 Starburst                Conj/Fire      0%         6d3       100%        6
 Polar Vortex             Ice            0%         N/A       100%        9


Dungeon Overview and Level Annotations

Branches:
Dungeon (6/15)             Temple (1/1) D:6         Ossuary (visited)

Altars:
Cheibriados
Dithmenos
Fedhas
Gozag
Hepliaklqana
Kikubaaqudgha
Okawaru
Qazlal
Ru
Sif Muna
Trog
Vehumet
Wu Jian
Yredelemnul

Annotations:
D:6 Edmund


Innate Abilities, Weirdness & Mutations

You have a pair of small horns on your head.
You are surrounded by a moderate repulsion field. (EV +3)
You sometimes gain power by taking damage.


Message History

Unknown command.
You hit Edmund but do no damage. Something hits you but does no damage.
Edmund hits you with a +4 flail of holy wrath.
You convulse.
Unknown command.
You slash Edmund! You burn Edmund.
Edmund is lightly wounded.
You hear some strange, mumbled words.
A puff of flame appears from out of thin air!
The puff of flame hits you but does no damage.
Edmund hits you with a +4 flail of holy wrath!
You focus on the pain.
You feel very mighty all of a sudden.
You convulse.
You are too injured to fight recklessly!
Unknown command.
You are too injured to fight recklessly!
Unknown command.
You are too injured to fight recklessly!
Unknown command.
You feel mightier all of a sudden. You block something's attack.
Edmund hits you with a +4 flail of holy wrath.
You convulse.
* * * LOW HITPOINT WARNING * * *
You hit Edmund. You burn Edmund. You headbutt Edmund, but do no damage.
Edmund is moderately wounded.
Something hits you but does no damage. You block Edmund's attack.
You miss something. Something hits you but does no damage.
Edmund hits you with a +4 flail of holy wrath.
* * * LOW HITPOINT WARNING * * *
You convulse.
* * * LOW HITPOINT WARNING * * *
You slash Edmund! You burn Edmund.
Edmund is severely wounded.
Something completely misses you.
Edmund hits you with a +4 flail of holy wrath!
* * * LOW HITPOINT WARNING * * *
You convulse!
You die...

.......
..######.≈.#.
.......
.......#...#.
.......
#....≈.≈.≈.
....... #....≈.≈..
.......##
###....###
......).##
#...#### #.))##
#..#....## ###.{##
#.###.#..# ##@.##
#..###..##.
##@.####...##...##
##)..##...##....#
#..#
#........#..>.##
..#
##......#.....##
#.##
#........##...#
##..# ##...##..#
##... .. #...#
##.(.###.####..##
...## ##...##
##..>###..#....##


You could see Edmund.

Vanquished Creatures
  Prince Ribbit (D:5)
  Sigmund (D:5)
  A water moccasin (D:6)
  A sky beast (D:4)
  An orc warrior (D:6)
  A black bear (D:4)
  2 phantoms
  Blork the orc (D:6)
  An elf zombie (Ossuary)
  3 scorpions (D:6)
  A necrophage (D:4)
  A human zombie (Ossuary)
  2 hounds (D:6)
  An orc priest (D:4)
  2 iguanas
  An orc wizard (D:5)
  2 mummies (Ossuary)
  8 adders
  A white imp (D:5)
  2 ufetubi (D:4)
  3 adder zombies (Ossuary)
  A worm (D:4)
  4 dart slugs
  13 orcs
  8 ball pythons
  7 bats
  5 endoplasms
  2 giant cockroaches
  4 goblins (D:2)
  11 hobgoblins
  10 jackals
  6 quokkas
  7 frilled lizards
  A goblin zombie (Ossuary)
  15 hobgoblin zombies (Ossuary)
  3 jackal zombies (Ossuary)
  A kobold (D:1)
  5 kobold zombies (Ossuary)
  5 orc zombies (Ossuary)
  6 rats
  2 rat zombies (Ossuary)
153 creatures vanquished.

Vanquished Creatures (others)
  An orc wizard (D:6)
1 creature vanquished.

Grand Total: 154 creatures vanquished

Notes
Turn   | Place    | Note
-------+----------+-------------------------------------------
     0 | D:1      | SensoryNuts the Demonspawn Fighter began the quest for the
                  | Orb.
     0 | D:1      | Reached XP level 1. HP: 18/18 MP: 1/1
    83 | D:1      | Found a faded altar of an unknown god.
   180 | D:1      | Gained mutation: You sometimes gain a little power by
                  | taking damage. [demonic ancestry]
   180 | D:1      | Reached XP level 2. HP: 14/24 MP: 2/2
   389 | D:1      | Reached skill level 2 in Long Blades
   673 | D:1      | Gained mutation: You sometimes gain power by taking damage.
                  | [demonic ancestry]
   673 | D:1      | Reached XP level 3. HP: 29/29 MP: 3/3
  1249 | D:2      | Gained mutation: You are surrounded by a mild repulsion
                  | field. (EV +2) [demonic ancestry]
  1249 | D:2      | Reached XP level 4. HP: 34/35 MP: 4/4
  1554 | D:2      | You fall into a shaft and drop 1 floor!
  2659 | D:4      | Noticed a black bear
  2665 | D:4      | Killed a black bear
  2666 | D:4      | Reached skill level 3 in Long Blades
  2666 | D:4      | Reached skill level 1 in Dodging
  2666 | D:4      | Gained mutation: You are surrounded by a moderate repulsion
                  | field. (EV +3) [demonic ancestry]
  2666 | D:4      | Reached XP level 5. HP: 41/41 MP: 5/5
  2666 | D:4      | Noticed a sky beast
  2685 | D:4      | Killed a sky beast
  2686 | D:4      | Reached XP level 6. HP: 37/47 MP: 6/6
  2817 | D:4      | Reached skill level 4 in Long Blades
  3833 | D:5      | Entered Level 5 of the Dungeon
  4000 | D:5      | Found a sand-covered staircase.
  4005 | Ossuary  | Entered an ossuary
  4152 | Ossuary  | Reached XP level 7. HP: 44/53 MP: 7/7
  4168 | Ossuary  | Reached skill level 5 in Long Blades
  4462 | D:5      | Noticed Prince Ribbit
  4506 | D:5      | Killed Prince Ribbit
  4518 | D:5      | Got the Atlas of the Winter
  4698 | D:5      | Found a shimmering blue altar of Sif Muna.
  4700 | D:5      | Found a hazy altar of Hepliaklqana.
  4703 | D:5      | Found a shadowy altar of Dithmenos.
  4781 | D:5      | Noticed Sigmund
  4804 | D:5      | Reached skill level 6 in Long Blades
  4818 | D:5      | Killed Sigmund
  4819 | D:5      | Reached skill level 5 in Armour
  4819 | D:5      | Gained mutation: You have a pair of small horns on your
                  | head. [demonic ancestry]
  4819 | D:5      | Reached XP level 8. HP: 27/60 MP: 8/8
  5069 | D:5      | Found an ornate altar of the Wu Jian Council.
  5251 | D:6      | Found a sacrificial altar of Ru.
  5256 | D:6      | Found a staircase to the Ecumenical Temple.
  5272 | Temple   | Entered the Ecumenical Temple
  5616 | D:6      | Found a bloodstained altar of Trog.
  5908 | D:6      | Reached skill level 7 in Long Blades
  5942 | D:6      | Noticed Blork the orc
  5953 | D:6      | Killed Blork the orc
  6071 | D:6      | Reached skill level 5 in Fighting
  6085 | D:6      | Noticed Edmund
  6095 | D:6      | HP: 2/62 [Edmund/+4 flail of holy wrath (10)]
  6095 | D:6      | Mangled by Edmund

Illustrated notes

Levels and vault maps discovered:
D:1:      mrwooster_arrival_statue_3, layout_loops_cross,
          chequers_ecumenical_altar_simple_redux, columned_hall_lemuel
D:2:      layout_basic, minmay_goblin_outpost
D:3:      minmay_diamond_boxcup, layout_basic, st_stairs_10
D:4:      layout_layer_cave
D:5:      layout_loops_corners, nzn_wu_jian_council_hall,
          grunt_temple_overflow_open, enter_ossuary_5, uniq_sigmund,
          uniq_prince_ribbit1
D:6:      layout_layer_cave, minitemple, nicolae_ru_path_of_blood,
          minmay_temple_entry_wispy, uniq_edmund, uniq_blork_the_orc
Temple:   jpeg_temple_alley_garden

Skill      XL: |  1  2  3  4  5  6  7  8 |
---------------+-------------------------+-----
Armour         | 3 4 5 |  5.4
Long Blades    | 2 3 4 6 7 |  7.6
Shields        | 3 4 |  4.0
Dodging        | 1 |  1.3
Fighting       | 4 5 |  5.1
Stealth        | |  0.5

Action                   |  1- 3 |  4- 6 |  7- 9 || total
-------------------------+-------+-------+-------++-------
Melee: Long sword        |    85 |   248 |   163 ||   496
       Scimitar          |       |       |    32 ||    32
       Headbutt          |       |       |    17 ||    17
  Use: Scroll            |     8 |     9 |     3 ||    20
       Potion            |     1 |     2 |     3 ||     6
Armor: Scale mail        |    55 |    32 |       ||    87
       Plate armour      |       |   165 |   201 ||   366
Dodge: Dodged            |    45 |   104 |    89 ||   238
Block: Buckler           |    18 |    70 |    60 ||   148
